[Event "*** Titled Tuesday 3|2 Blitz"]
[Site "Chess.com"]
[Date "2017.06.06"]
[Round "2"]
[White "Vamostodorecto"]
[Black "MyleneFarmer"]
[Result "0-1"]
[WhiteElo "2314"]
[BlackElo "2380"]
[TimeControl "180+2"]
[EndTime "14:12:55 PDT"]
[Termination "MyleneFarmer won by resignation"]

1. d4 Nf6 2. c4 e6 3. Nc3 Bb4 4. a3 Bxc3+ 5. bxc3 c5 6. f3 O-O 7. e4 d6 8. Bd3 e5 9. Ne2 Nc6 10. d5 Ne7 11. O-O Ng6 12. g3 Bh3 13. Rf2 h5 14. Kh1 Qd7 15. Ng1 h4 16. Bf1 Bxf1 17.
Qxf1 hxg3 18. hxg3 Nh5 19. Ne2 f5 20. Qh3 Nf6 21.
Qxf5 Qxf5 22. exf5 Ne7 23. g4 g6 24. g5 Nh5 25. f6 Nf5 26. Kg2 Kf7 27. Bd2 Rae8 28. Rb1 b6 29. Rh1 e4 30. fxe4 Rxe4 31. Kf1 Nhg3+ 32. Nxg3 Nxg3+ 33. Kg2 Nxh1 34. Kxh1 Rh8+ 35.
Kg1 Rxc4 36. Re2 Re8 37. Rh2 Rg4+ 38. Kf2 Re5 39. Rh7+ Kf8 40. Kf3 Rg1 41. Rh8+ Kf7 42. Rh7+ Kf8 43. Rh8+ Kf7 44. Rh7+ Ke8 45. Rh8+ Kd7 46.
Rh7+ Kd8 47. Bf4 Rf5 48. Ke3 Re1+ 49. Kd2 Re4 50. Bxd6 Rxd5+ 51. Kc2 Rxd6 52. Rxa7 c4 53. f7 Rf4 0-1

[Event "*** Titled Tuesday 3|2 Blitz"]
[Site "Chess.com"]
[Date "2017.06.06"]
[Round "2"]
[White "Fins0905"]
[Black "Hikaru"]
[Result "0-1"]
[WhiteElo "2459"]
[BlackElo "2913"]
[TimeControl "180+2"]
[EndTime "14:13:00 PDT"]
[Termination "Hikaru won by resignation"]

1. d4 e6 2. Nf3 b6 3. g3 Bb7 4. Bg2 Nf6 5. O-O Be7 6. c4 O-O 7.
d5 exd5 8. Nh4 c6 9. cxd5 Nxd5 10. Nf5 Bf6 11. e4 Nc7 12. Nd6 Ba6 13. Re1 Nb5 14. Nf5 d6 15. a4 Nc7 16. Nxd6 Be5 17. Nf5 Qxd1 18. Rxd1 g6 19. f4 Bf6 20. e5 gxf5 21. exf6 Ne8 22. b4 Nxf6 23. b5 Bb7 24. bxc6 Bxc6 25.
Bxc6 Nxc6 26. Rd6 Na5 27. Rxf6 Nb3 28. Ra3 Nxc1 29. Nc3 Rfd8 30. Rxf5 Rac8 31. Ne4 Rc2 32. Rd5 Ne2+ 33. Kf1 Rxd5 34. Nf6+ Kg7 35. Nxd5 Nd4 36. h4 h5 37. Rd3 Nf5 38. Ra3 Rd2 39. Nb4 a5 40.
Nc6 f6 41. Rb3 Ra2 42. Rxb6 Nxg3+ 43. Ke1 Rxa4 44. Rb5 Rxf4 45. Rxa5 Rxh4 46. Kf2 Ne4+ 47. Kg2 Rg4+ 48. Kf3 Ng5+ 49. Kf2 h4 50. Ne7 h3 51. Ra1 Kf7 52. Nd5 Rg2+ 53. Ke3 Rg3+ 54. Kf4 Rd3 55. Ne3 Kg6 56. Rh1 f5 57. Rg1 Rd4+ 58. Kg3 f4+ 59. Kf2 Rd2+ 0-1

[Event "*** Titled Tuesday 3|2 Blitz"]
[Site "Chess.com"]
[Date "2017.06.06"]
[Round "2"]
[White "Pierrebl"]
[Black "Gordima"]
[Result "1-0"]
[WhiteElo "2542"]
[BlackElo "2528"]
[TimeControl "180+2"]
[EndTime "14:13:03 PDT"]
[Termination "Pierrebl won by resignation"]

1. e4 Nf6 2. e5 Nd5 3. d4 d6 4. Nf3 dxe5 5. Nxe5 c6 6. Be2 Bf5 7. O-O Nd7 8. Nf3 e6 9. c4 N5f6 10. Nc3 h6 11. d5 Qc7 12. Nd4 Bd6 13. dxe6 fxe6 14.
Nxf5 exf5 15. Bh5+ Kf8 16. h3 Bh2+ 17. Kh1 Bf4 18. Bg6 Bxc1 19. Qxc1 f4 20. Re1 h5 21. Ne4 Rh6 22. Ng5 Nc5 23. Bf5 a5 24. b3 Kg8 25.
Qc3 Rf8 26. Re5 Nfd7 27. Re7 Rhf6 28. Bxd7 Nxd7 29. Ne6 Qd6 30. Rxg7+ Kh8 31. Nxf8 Kxg7 32. Nxd7 Qxd7 33. f3 a4 34. Re1 axb3 35. axb3 Kg6 36. Re5 Rf5 37. Qc2 h4 38. Qe4 Kf6 39. Re8 Kg5 40.
Rg8+ Kh5 41. Rg4 Qf7 42. Kh2 c5 43. Qd3 b6 44. Qd8 Rf6 45. Qh8+ Rh6 46. Rxh4+ 1-0

[Event "*** Titled Tuesday 3|2 Blitz"]
[Site "Chess.com"]
[Date "2017.06.06"]
[Round "2"]
[White "TomsKantans"]
[Black "sergiochess83"]
[Result "0-1"]
[WhiteElo "2490"]
[BlackElo "2634"]
[TimeControl "180+2"]
[EndTime "14:13:05 PDT"]
[Termination "sergiochess83 won by checkmate"]

1. e4 c6 2. d4 d5 3. e5 Bf5 4.
Nf3 e6 5. Be2 Ne7 6. O-O c5 7.
dxc5 Nec6 8. c4 d4 9. a3 a5 10.
Bg5 f6 11. Bh4 d3 12. exf6 dxe2 13. Qxe2 Qd3 14. Qe1 Nd7 15. Nc3 gxf6 16. Rd1 Qxc4 17. Nd5 O-O-O 18. Bxf6 exd5 19. Bxh8 Bxc5 20. Qc3 Rg8 21.
Rfe1 Qxc3 22. Bxc3 Be4 23. Kf1 Bxf3 24. gxf3 d4 25. Bxa5 Nxa5 26. b4 Nb3 27. bxc5 Ndxc5 28. Re7 h5 29. Re5 h4 30. Rh5 Kc7 31. Rxh4 Kc6 32. Rg4 Rf8 33. Kg2 Kd5 34. h4 Kc4 35. h5 Rh8 36. Rh1 Kc3 37. h6 d3 38. h7 d2 39.
Rg8 Rxh7 40. Rxh7 d1=Q 41. Rg3 Qd5 42. Rh4 Nd4 43. Rhg4 Nd3 44. Rg5 Nf4+ 45. Kh2 Qc6 46. R3g4 Qh6+ 47. Kg3 Nde2# 0-1

[Event "*** Titled Tuesday 3|2 Blitz"]
[Site "Chess.com"]
[Date "2017.06.06"]
[Round "2"]
[White "LawrenceTrent"]
[Black "penguingm1"]
[Result "0-1"]
[WhiteElo "2423"]
[BlackElo "2575"]
[TimeControl "180+2"]
[EndTime "14:13:11 PDT"]
[Termination "penguingm1 won on time"]

1. e4 e5 2. Nf3 Nc6 3. Nc3 Nf6 4.
Bb5 Bb4 5. O-O O-O 6. d3 d6 7.
Ne2 Ne7 8. c3 Ba5 9. Ng3 c6 10.
Ba4 Ng6 11. h3 Re8 12. Bc2 d5 13. Nh2 d4 14. Bd2 Be6 15. cxd4 Bxd2 16. Qxd2 Qxd4 17. Nf3 Qd6 18. Qc3 Rad8 19. Rfd1 c5 20. Bb3 b6 21.
Ba4 Nd7 22. a3 Rc8 23. Nh5 h6 24. Nd2 Red8 25. Nc4 Qe7 26. Bxd7 Bxd7 27. f4 Qh4 28. Nxg7 Kxg7 29. f5 Nf4 30. Nxe5 f6 31. Nf3 Qg3 32. Qd2 Nxh3+ 33. Kf1 Ng5 34. Ng1 Nxe4 35. Qe2 Ng5 36. Qe7+ Nf7 37. Nf3 Bxf5 38. Qxa7 Rxd3 39. Qxb6 Rcd8 40.
Rxd3 Bxd3+ 41. Kg1 Be4 42. Rf1 Rd2 43. Qxf6+ Kxf6 44. Nxd2+ Bf5 45. Rf3 Qe1+ 46. Nf1 Ne5 47. Re3 Qd1 48.
b4 Bd3 0-1

[Event "*** Titled Tuesday 3|2 Blitz"]
[Site "Chess.com"]
[Date "2017.06.06"]
[Round "2"]
[White "AkshatChandra"]
[Black "nurmiTV"]
[Result "1-0"]
[WhiteElo "2740"]
[BlackElo "2454"]
[TimeControl "180+2"]
[EndTime "14:13:13 PDT"]
[Termination "AkshatChandra won by resignation"]

1. d4 Nf6 2. Bf4 d5 3. e3 c5 4. c3 Nc6 5. Nd2 Bf5 6. Qb3 Qc8 7. Ngf3 e6 8. Nh4 c4 9. Qd1 Bg4 10. f3 Bh5 11. g4 Bg6 12. Nxg6 hxg6 13. Bg2 b5 14. O-O Qd7 15. Bg3 Bd6 16. Qe1 a5 17.
e4 Bxg3 18. Qxg3 g5 19. e5 Ng8 20. f4 gxf4 21. Qxf4 Ra7 22. Rf2 b4 23. Raf1 Rb7 24. Qg5 Kf8 25. Nxc4 dxc4 26. Rxf7+ Qxf7 27. Rxf7+ Rxf7 28. Bxc6 Ne7 29. Be4 bxc3 30. bxc3 Rh3 31. Qc1 Rh4 32. Qg5 Rh3 33. Qc1 Rh4 34. h3 Rxh3 35. Kg2 Rh4 36. Kg3 g5 37. Qxg5 Rxg4+ 38. Kxg4 Rg7 39. Bf3 Rxg5+ 40. Kxg5 Kg7 41. Be4 Nc8 42. d5 exd5 43. Bxd5 Nb6 44. Bc6 Kf7 45. Kf5 Ke7 46. e6 Nc8 47.
Ke5 Nd6 48. a4 Nc8 49. Bd7 Nb6 50. Bb5 Na8 51. Bc6 Nc7 52. Bd7 Na6 53. Kd5 Nc7+ 54. Kxc4 1-0

[Event "*** Titled Tuesday 3|2 Blitz"]
[Site "Chess.com"]
[Date "2017.06.06"]
[Round "2"]
[White "AndrewDGreen"]
[Black "lucasmito"]
[Result "1-0"]
[WhiteElo "2207"]
[BlackElo "2063"]
[TimeControl "180+2"]
[EndTime "14:13:13 PDT"]
[Termination "AndrewDGreen won on time"]

1. d4 d5 2. Bf4 Nf6 3. e3 e6 4. Nf3 c5 5. c3 Nc6 6. Nbd2 Bd6 7. Bg3 O-O 8. Bd3 h6 9. O-O Bxg3 10.
fxg3 Qd6 11. Qe2 e5 12. Bb5 exd4 13. exd4 Re8 14. Qd3 Ne4 15. Bxc6 bxc6 16. Rae1 Bf5 17. Nxe4 Rxe4 18. Qd2 cxd4 19. Nxd4 Bh7 20. Rxe4 Bxe4 21.
Qf2 Rf8 22. Nb3 Qe7 23. Nc5 f5 24. Qd4 Rb8 25. b4 a5 26. a3 axb4 27. axb4 Ra8 28. h3 Ra2 29. Rf2 Qa7 30. Kh2 Rxf2 31. Qxf2 Qa3 32. Qd2 Qa1 33. Ne6 Qf1 34. Nf4 Qc4 35. Ne2 Kh7 36. Nd4 c5 37. bxc5 Qxc5 38. Qf2 Qxc3 39.
Nxf5 Qf6 40. g4 Bxf5 41. gxf5 Qd6+ 42. g3 d4 43. Kg2 Qd5+ 44. Qf3 Qd6 45. Qd3 Qd5+ 46.
Kf2 1-0

[Event "*** Titled Tuesday 3|2 Blitz"]
[Site "Chess.com"]
[Date "2017.06.06"]
[Round "2"]
[White "Noukii"]
[Black "temiksmozg"]
[Result "0-1"]
[WhiteElo "2611"]
[BlackElo "2447"]
[TimeControl "180+2"]
[EndTime "14:13:18 PDT"]
[Termination "temiksmozg won by resignation"]

1. d4 f5 2. Nf3 Nf6 3. Bg5 e6 4.
Nbd2 d5 5. e3 h6 6. Bf4 Bd6 7. Ne5 O-O 8. Bd3 Bd7 9. Ng6 Re8 10.
Nf3 Nc6 11. O-O Ne7 12. Nxe7+ Qxe7 13. Ne5 Red8 14. f3 Be8 15. c3 Nh5 16. g4 Nxf4 17.
exf4 Bxe5 18. fxe5 f4 19. Qd2 g5 20. h4 Kg7 21.
Kg2 Bg6 22. Bxg6 Kxg6 23. Rh1 Rh8 24. Rh3 h5 25. Rah1 hxg4 26. h5+ Kh6 27. fxg4 Qh7 28.
Re1 b6 29. c4 Rhd8 30. Rc1 Qe4+ 31. Kf2 dxc4 32. Rxc4 Qxe5 33. Qc2 Qf6 34. Rd3 Rac8 35.
Rc6 Rxd4 36. Qc3 Rcd8 37. Rxc7 Qe5 38. Rxd4 Qxd4+ 39. Qxd4 Rxd4 40. Re7 Re4 41. Rf7 Re5 42. Rxa7 Re3 43. Re7 Rg3 44. Rxe6+ Kh7 45. Rxb6 Rxg4 46. a4 Rh4 47. a5 g4 48. a6 Rxh5 49. b4 Rh2+ 50. Ke1 Ra2 51. b5 g3 52. Rb7+ Kh6 53.
Rb8 g2 54. Rg8 f3 0-1

[Event "*** Titled Tuesday 3|2 Blitz"]
[Site "Chess.com"]
[Date "2017.06.06"]
[Round "2"]
[White "CookiesAndIceCream"]
[Black "Spartakus1975"]
[Result "0-1"]
[WhiteElo "2262"]
[BlackElo "2586"]
[TimeControl "180+2"]
[EndTime "14:13:20 PDT"]
[Termination "Spartakus1975 won by resignation"]

1. e4 e6 2. d4 d5 3. Nd2 c5 4.
exd5 exd5 5. Ngf3 Nc6 6. Bb5 cxd4 7. Nxd4 Bd7 8. N2f3 Bd6 9. O-O Nge7 10. c3 O-O 11. Re1 h6 12. Be3 Qc7 13. h3 Rad8 14. Qb3 Na5 15. Qa4 a6 16. Bxd7 Rxd7 17. Rad1 Nc4 18. Bc1 Rfd8 19. Qc2 Ng6 20. Nf5 Bc5 21. N3d4 Qb6 22. b3 Nd6 23. b4 Bxd4 24. Rxd4 Nxf5 25.
Qxf5 Qc6 26. Qd3 Rd6 27. Rd1 b5 28. Qg3 Re6 29. h4 Kh8 30. h5 Ne7 31. Qd3 Rf6 32. g3 Qe6 33. Bf4 Rf5 34. Qd2 Rxh5 35. Kg2 Qh3+ 36.
Kf3 Ng6 37. Qe3 Nh4+ 38. Ke2 Nf5 39. Rxd5 Nxe3 40. Rxd8+ Kh7 41. Bxe3 Qg4+ 42. Kd2 Qc4 0-1

[Event "*** Titled Tuesday 3|2 Blitz"]
[Site "Chess.com"]
[Date "2017.06.06"]
[Round "2"]
[White "Ivan11Martic"]
[Black "GameOverBro"]
[Result "1-0"]
[WhiteElo "2399"]
[BlackElo "2240"]
[TimeControl "180+2"]
[EndTime "14:13:27 PDT"]
[Termination "Ivan11Martic won by resignation"]

1. d4 d6 2. e4 Nf6 3. Nc3 e5 4.
Nf3 Nbd7 5. Bc4 Be7 6. O-O O-O 7.
a4 c6 8. Qe2 h6 9. Rd1 Qc7 10. h3 Re8 11. Be3 Nf8 12. a5 Ng6 13. d5 Nh5 14. Kh2 Nhf4 15. Qf1 a6 16. Bb6 Qd7 17. b4 Kh8 18. Ng1 Rf8 19. g3 Nh5 20.
Qe2 Nf6 21. Ra3 Nh7 22. Bd3 Ng5 23. Qh5 Qe8 24. h4 Nh7 25. Qe2 Nf6 26. f3 h5 27. Bc4 Bd7 28. Be3 Rc8 29. Ba2 Nh7 30. dxc6 Bxc6 31. Nd5 Bd8 32. Rad3 f5 33. exf5 Rxf5 34.
c4 Qf8 35. Bc1 Nf6 36. Bg5 Nxd5 37. cxd5 Bb5 38. Bxd8 Qxd8 39. Bb1 Bxd3 40. Qxd3 Rf6 41. Nh3 Qc7 42. Rd2 Qc3 43. Rc2 Qxc2+ 44. Bxc2 e4 45. Qxe4 Kg8 46. Ng5 Rcf8 47. f4 Rc8 48. Ne6 Re8 49. Qe2 Nf8 50. Qxh5 Re7 51. f5 Nh7 52. Qe2 Rh6 53. Qc4 Nf6 54. Qc8+ Re8 55. Qxb7 Ng4+ 56. Kh3 Nf2+ 57. Kg2 Rhxe6 58. fxe6 Ng4 59. Qf7+ 1-0

[Event "*** Titled Tuesday 3|2 Blitz"]
[Site "Chess.com"]
[Date "2017.06.06"]
[Round "2"]
[White "GMAkobianSTL"]
[Black "NTBT_DHS"]
[Result "0-1"]
[WhiteElo "2584"]
[BlackElo "2446"]
[TimeControl "180+2"]
[EndTime "14:13:29 PDT"]
[Termination "NTBT_DHS won by resignation"]

1. d4 Nf6 2. c4 g6 3. Nc3 Bg7 4. Nf3 d6 5. Bg5 O-O 6. e3 c5 7. d5 h6 8. Bh4 a6 9. a4 Qa5 10. Bd3 g5 11. Bg3 Nh5 12. O-O Nxg3 13. hxg3 Bxc3 14.
bxc3 Qxc3 15. Rc1 Qf6 16. Nd2 Bf5 17. Bxf5 Qxf5 18. f4 Nd7 19. a5 Nf6 20. Qe2 Ne4 21.
g4 Qh7 22. Qd3 Nxd2 23. Qxd2 Qe4 24. Qc3 Rab8 25. Rb1 e6 26. Qf6 exd5 27. Qxh6 f6 28. f5 Qxe3+ 29. Rf2 Qe7 30. cxd5 Rfe8 31. Rf3 Qg7 32.
Qh5 Re5 33. Kh2 Qh7 34. Rb6 Rxd5 35. Re3 Qxh5+ 36. gxh5 c4 37. Re7 c3 38. Rc7 Rc5 39. Rxc5 dxc5 40. Rb3 Rc8 41. Rxc3 c4 42. g4 Kf7 43.
Kg3 Ke7 44. Kf3 Kd6 45. Ke4 Kc5 46. h6 Re8+ 47. Kf3 Rh8 48. Re3 Rxh6 49. Re7 Kc6 50. Ke4 Rh4 51. Re6+ Kc5 52. Rxf6 Rxg4+ 53. Ke5 c3 54. Rf8 Kb4 55. Rc8 Rc4 56. Rxc4+ Kxc4 57. f6 c2 58. f7 c1=Q 59. f8=Q Qf4+ 60. Qxf4+ gxf4 61. Kxf4 Kb5 62. Ke5 Kxa5 0-1

[Event "*** Titled Tuesday 3|2 Blitz"]
[Site "Chess.com"]
[Date "2017.06.06"]
[Round "2"]
[White "3f32"]
[Black "ChessQueen"]
[Result "0-1"]
[WhiteElo "2393"]
[BlackElo "2528"]
[TimeControl "180+2"]
[EndTime "14:13:36 PDT"]
[Termination "ChessQueen won by resignation"]

1. d4 Nf6 2. c4 e6 3. Nc3 Bb4 4. f3 d5 5. a3 Bxc3+ 6. bxc3 c5 7. cxd5 Nxd5 8. dxc5 Qa5 9. e4 Ne7 10.
Be3 O-O 11. Rb1 f5 12. Qb3 fxe4 13. fxe4 Na6 14. Bb5 b6 15. cxb6 axb6 16. Nf3 Nc7 17. a4 Nxb5 18. axb5 Qa4 19. O-O Qxe4 20. Bxb6 Nd5 21.
Rbe1 Qa4 22. Qxa4 Rxa4 23. Bd4 Ra2 24. Rf2 Rxf2 25. Kxf2 Nf4 26. Ra1 Bb7 27. Ra7 Rf7 28. Ne5 Nd3+ 29. Kg3 Nxe5 30. Bxe5 Bd5 31. Ra6 Rf5 32. Bd6 Rg5+ 33. Kf4 Rxg2 34. b6 Rc2 35.
Bb4 Rxh2 36. Ra5 Rh5 37. c4 Rh4+ 38. Ke5 Rxc4 39. Rb5 Re4+ 40. Kd6 h5 41. Bc3 Re3 42. Bd4 Rd3 43. Be5 Bc4+ 44. Kc7 Bxb5 45. b7 Rd7+ 46. Kb6 Rxb7+ 47. Kxb7 g5 48. Kc7 Kf7 49. Kd6 Bc4 50. Kc5 Bd5 51. Kd4 Kg6 52. Bc7 Kf5 53.
Bd8 h4 54. Bc7 h3 55. Ke3 e5 0-1

[Event "*** Titled Tuesday 3|2 Blitz"]
[Site "Chess.com"]
[Date "2017.06.06"]
[Round "2"]
[White "joppie2"]
[Black "amurdercastle"]
[Result "1-0"]
[WhiteElo "2623"]
[BlackElo "2283"]
[TimeControl "180+2"]
[EndTime "14:13:37 PDT"]
[Termination "joppie2 won by resignation"]

1. e4 c6 2. d4 d5 3. Nc3 dxe4 4.
Nxe4 Bf5 5. Ng3 Bg6 6. h4 h6 7.
Nf3 e6 8. Ne5 Bh7 9. Bd3 Bxd3 10. Qxd3 Nd7 11. f4 Be7 12. Bd2 Bxh4 13. O-O-O Nxe5 14.
fxe5 Bxg3 15. Qxg3 Ne7 16. Bb4 Nf5 17. Qb3 a5 18.
Bc5 b5 19. g4 Ne7 20. Kb1 Nd5 21. Qf3 Qg5 22. Rdf1 Qg6 23. Bd6 Ra7 24. Rh2 Rd7 25.
Bc5 f6 26. Qe2 Kf7 27. g5 f5 28.
gxh6 Rxh6 29. Rg2 Qh7 30. a3 Rh1 31. Rxg7+ Kxg7 32. Qg2+ Kf7 33. Rxh1 Qg7 34. Qf3 Ke8 35. Bd6 Kd8 36. Qg3 Kc8 37. Qe1 Ra7 38. Rg1 Qf7 39. Qh4 Kb7 40. Qd8 Ra8 41. Qg5 Ka6 42. Qh6 Ra7 43. Qh8 b4 44. a4 Qd7 45. Bc5 Nb6 46. Rg8 Rb7 47. Rd8 Qc7 48. Qf8 Nxa4 49. Ra8+ Kb5 50.
c4+ bxc3 51. b3 Nb6 52. Qg8 Qg7 53. Qxg7 Rxg7 54. Rb8 Ka6 55. Rxb6+ Ka7 56. Rxc6+ Kb7 57. Rb6+ Kc7 58. Rxe6 Rg2 59. Rf6 Rf2 60. d5 Re2 61. Rf7+ Kd8 62. Rf8+ Kd7 63. Rf7+ Ke8 64. e6 Kd8 65. e7+ Kd7 66. Rf8 f4 67. Rd8+ Kc7 68.
e8=Q 1-0

[Event "*** Titled Tuesday 3|2 Blitz"]
[Site "Chess.com"]
[Date "2017.06.06"]
[Round "2"]
[White "Vice64"]
[Black "chessking2151"]
[Result "0-1"]
[WhiteElo "2321"]
[BlackElo "2339"]
[TimeControl "180+2"]
[EndTime "14:13:43 PDT"]
[Termination "chessking2151 won on time"]

1. Nf3 Nf6 2. g3 b6 3. Bg2 Bb7 4. O-O e6 5. d3 c5 6. e4 d5 7. e5 Nfd7 8. Re1 Qc7 9. Nbd2 Nc6 10. Qe2 h6 11. c4 Nb4 12. Nf1 dxc4 13. dxc4 g5 14. h4 g4 15. N3h2 h5 16. Bxb7 Qxb7 17. f4 O-O-O 18. Be3 Qe4 19. Nd2 Qf5 20. Qg2 Kc7 21. Ne4 Be7 22. Red1 Nb8 23. a3 N4c6 24. Nf1 Rxd1 25. Rxd1 Rd8 26. Rxd8 Nxd8 27. Bd2 Qh7 28.
Ne3 Ndc6 29. Bc3 Qg8 30. Ng5 Bxg5 31. hxg5 Qg6 32. Qc2 Ne7 33. Kf2 Nbc6 34. Qd2 Qe4 35. Kg1 Qf3 36. Qf2 Qe4 37. Qd2 Nd4 38. Bxd4 cxd4 39.
Nf1 Nf5 40. c5 h4 41. cxb6+ axb6 42. Qg2 Qxg2+ 43. Kxg2 h3+ 44. Kf2 d3 45. Ke1 Kc6 46.
Kd2 Kd5 47. Kxd3 Nd4 48. Ke3 Kc5 49. Kf2 Nf3 50. Ne3 h2 51. Kg2 Kd4 52. Nxg4 Ke4 53.
Nxh2 Ne1+ 54. Kf2 Nd3+ 55. Ke2 Nxb2 0-1

[Event "*** Titled Tuesday 3|2 Blitz"]
[Site "Chess.com"]
[Date "2017.06.06"]
[Round "2"]
[White "Illingworth"]
[Black "MaestroASK"]
[Result "1-0"]
[WhiteElo "2707"]
[BlackElo "2469"]
[TimeControl "180+2"]
[EndTime "14:13:59 PDT"]
[Termination "Illingworth won by resignation"]

1. d4 d6 2. e4 g6 3. c4 c6 4. Nc3 e5 5. Nge2 Bg7 6. Be3 Nd7 7. Qd2 Qe7 8. f3 Bh6 9. O-O-O Bxe3 10.
Qxe3 Kf8 11. Kb1 Kg7 12. d5 c5 13. h4 h5 14. g3 a6 15. Bh3 Nh6 16. Nc1 f6 17. Nd3 Nb6 18. b3 Bxh3 19. Rxh3 Rab8 20. Rg1 Na8 21. g4 hxg4 22. fxg4 Nf7 23. a4 b6 24. Kc2 Nc7 25. g5 fxg5 26. hxg5 Rxh3 27. Qxh3 Rh8 28. Qg4 Rh2+ 29. Kc1 Qe8 30. Ne1 b5 31. Nf3 Rh5 32.
Kc2 bxc4 33. bxc4 Qd8 34. Ne2 Na8 35. Nc3 Nb6 36. Kd3 Nd7 37. Rb1 Qc7 38. a5 Rh8 39. Qe6 Rf8 40. Rh1 Qd8 41. Rb1 Re8 42. Qh3 Rh8 43.
Qg4 Nf8 44. Rb7 Qxa5 45. Qc8 Rh7 46. Qe8 Kg8 47. Rb8 Rg7 48. Qxf8+ Kh7 49. Rb7 Qa1 50. Rxf7 Rxf7 51. Qxf7+ Kh8 52. Qf6+ Kh7 53. Qe7+ Kh8 54. Qf8+ Kh7 55. Qh6+ Kg8 56. Qxg6+ 1-0

[Event "*** Titled Tuesday 3|2 Blitz"]
[Site "Chess.com"]
[Date "2017.06.06"]
[Round "2"]
[White "johnathan113"]
[Black "Shtembuliak"]
[Result "1-0"]
[WhiteElo "2447"]
[BlackElo "2586"]
[TimeControl "180+2"]
[EndTime "14:13:59 PDT"]
[Termination "johnathan113 won on time"]

1. d4 Nf6 2. Nc3 d5 3. Bf4 c5 4. e3 a6 5. Nf3 cxd4 6. exd4 Bg4 7. h3 Bxf3 8. Qxf3 Nc6 9. O-O-O e6 10. g4 Bd6 11. Kb1 h6 12. h4 Bxf4 13. Qxf4 Nd7 14.
Bg2 Nb6 15. g5 Qd7 16. Ne2 O-O-O 17. Ng3 h5 18. g6 fxg6 19. Qg5 Ne7 20. Bh3 Rhf8 21.
Rhe1 Nf5 22. Qxg6 Rf6 23. Qxh5 g6 24. Qg5 Rdf8 25. h5 gxh5 26. Nxf5 exf5 27. Qxh5 Nc4 28.
Rd3 Kb8 29. b3 Qd6 30. Re8+ Ka7 31. Rxf8 Qxf8 32. Qf3 Qb4 33. c3 Qb5 34. Rd1 Re6 35.
Bxf5 Re1 36. Kc2 Na3+ 37. Kb2 Re2+ 38. Ka1 Nc2+ 39. Bxc2 Rxc2 40. Qd3 Qxd3 41. Rxd3 Rxf2 42. c4 Kb6 43. Kb1 1-0

[Event "*** Titled Tuesday 3|2 Blitz"]
[Site "Chess.com"]
[Date "2017.06.06"]
[Round "2"]
[White "WeiYi1999"]
[Black "belisarius64"]
[Result "0-1"]
[WhiteElo "2110"]
[BlackElo "2234"]
[TimeControl "180+2"]
[EndTime "14:14:04 PDT"]
[Termination "belisarius64 won by resignation"]

1. e4 e5 2. Nf3 Nc6 3. Bc4 Bc5 4.
c3 Nf6 5. d4 exd4 6. cxd4 Bb4+ 7. Bd2 Bxd2+ 8. Nbxd2 d5 9. exd5 Nxd5 10. Qb3 Nce7 11.
O-O O-O 12. Rfe1 c6 13. Ne4 b6 14. Ne5 Qc7 15. Bxd5 cxd5 16. Rac1 Qd8 17. Ng3 Be6 18.
h4 Qd6 19. h5 f6 20. Nd3 Nf5 21. Nxf5 Bxf5 22. Nb4 Rad8 23. h6 gxh6 24. Re3 Kh8 25.
Rc6 Qf4 26. Rc1 Qxd4 27. Nc6 Qd2 28. Rd1 Qc2 29. Qxc2 Bxc2 30. Rd2 d4 31. Rf3 Be4 32. Rxf6 Bxc6 33. Rxc6 Rfe8 34. Kf1 Rd7 35. Rxh6 Rc8 36. Ke2 d3+ 37. Rxd3 Rc2+ 38. Ke3 Rxd3+ 39. Kxd3 Rxf2 40. Kc3 Rxg2 41. Re6 Rg3+ 42. Kd2 Rg8 43. Re7 a5 44. Rb7 Rg6 45. Ke3 h5 46. Kf4 Rg4+ 47. Kf3 Rb4 48.
b3 h4 49. Kg2 Kg8 50. Kh3 Kf8 51. Rh7 Ke8 52. Rxh4 Rxh4+ 53. Kxh4 Kd7 54. Kg3 Kc6 55. Kf3 Kc5 56. Ke3 Kb4 57. Kd3 Ka3 58. Kc4 Kxa2 59.
Kb5 Kxb3 0-1

[Event "*** Titled Tuesday 3|2 Blitz"]
[Site "Chess.com"]
[Date "2017.06.06"]
[Round "2"]
[White "karinachess1"]
[Black "Makalexa"]
[Result "1-0"]
[WhiteElo "2216"]
[BlackElo "2174"]
[TimeControl "180+2"]
[EndTime "14:14:04 PDT"]
[Termination "karinachess1 won by resignation"]

1. e4 e5 2. Nf3 Nc6 3. Bc4 Bc5 4.
d3 Nf6 5. c3 O-O 6. O-O d5 7.
exd5 Nxd5 8. a4 a5 9. Nbd2 Nb6 10. Bb5 Bd6 11. Re1 Bg4 12. h3 Bxf3 13. Qxf3 Qd7 14.
Ne4 f5 15. Nxd6 cxd6 16. Be3 Nc8 17. Qd5+ Kh8 18. f4 N8e7 19. Qf3 Rae8 20. Rad1 Qe6 21. fxe5 dxe5 22. Bc5 Qg6 23. Bxc6 bxc6 24. Rxe5 Nd5 25. Rxd5 cxd5 26. Bxf8 Rxf8 27. Qxd5 f4 28. Qf3 Qb6+ 29. Qf2 Qc6 30. Rf1 Qxa4 31. Qc5 Qe8 32. b4 axb4 33. cxb4 f3 34. Rxf3 Rxf3 35. gxf3 Qe1+ 36. Kg2 Qd2+ 37. Kg3 Qe1+ 38. Kf4 Qd2+ 39. Ke4 Qe1+ 40. Kd4 h6 41. Qc8+ Kh7 42. Qf5+ Kh8 43. Qf8+ Kh7 44. b5 Qa1+ 45. Kd5 Qa2+ 46. Kc6 Qe6+ 47. Qd6 Qc8+ 48. Kb6 Qxh3 49. Qc6 h5 50. Ka7 h4 51. b6 Qh1 52.
b7 Qa1+ 53. Qa6 Qd4+ 54. Ka8 Qd5 55. Qa4 g5 56. Qe4+ Qxe4 57. dxe4 h3 58. b8=Q h2 59.
Qxh2+ 1-0

[Event "*** Titled Tuesday 3|2 Blitz"]
[Site "Chess.com"]
[Date "2017.06.06"]
[Round "2"]
[White "Ind1anStar"]
[Black "ANLex1963"]
[Result "1-0"]
[WhiteElo "2289"]
[BlackElo "2209"]
[TimeControl "180+2"]
[EndTime "14:14:05 PDT"]
[Termination "Ind1anStar won on time"]

1. e4 c5 2. Nf3 d6 3. d4 cxd4 4.
Nxd4 Nf6 5. Nc3 g6 6. Be3 Bg7 7. f3 O-O 8. Bc4 Nc6 9. Qd2 Bd7 10. O-O-O Rb8 11. Bb3 b5 12. h4 Na5 13. Kb1 Nc4 14.
Bxc4 bxc4 15. Ka1 a5 16. g4 Qb6 17. Rb1 Qc7 18. h5 e5 19. Nde2 Be6 20. hxg6 fxg6 21.
Ng3 Qc6 22. Bh6 Rf7 23. Bxg7 Rxg7 24. Rh6 Rgb7 25. Nf5 Rd7 26. g5 Nh5 27. Ne3 Rf8 28.
Ned5 Rb7 29. Rh1 Rxf3 30. Qg2 Rxc3 31. Nxc3 Qb6 32. Rb1 Nf4 33. Qh2 Qb4 34. a3 Qb6 35. Qd2 Qc5 36. Rd1 Qb6 37. Na4 Qb5 38. Qxd6 Rd7 39.
Nc3 Rxd6 40. Rxd6 Qc5 41. Rd1 Bg4 42. Rd8+ Kg7 43. Re8 Bh5 44. Rb8 Qd4 45. Rb7+ Kg8 46.
Rhxh7 Ne6 47. Rhe7 Qd6 48. Re8+ Nf8 49. Nd5 Bg4 50. Nf6+ 1-0

[Event "*** Titled Tuesday 3|2 Blitz"]
[Site "Chess.com"]
[Date "2017.06.06"]
[Round "2"]
[White "saraswathii"]
[Black "TregubovP"]
[Result "0-1"]
[WhiteElo "2252"]
[BlackElo "2445"]
[TimeControl "180+2"]
[EndTime "14:14:06 PDT"]
[Termination "TregubovP won by resignation"]

1. e4 c5 2. Nf3 e6 3. d3 Nc6 4. g3 Nge7 5. Bg2 g6 6. O-O Bg7 7. c3 O-O 8. Be3 b6 9. d4 d5 10. Nbd2 cxd4 11. Nxd4 Bb7 12. exd5 Nxd5 13. Nxc6 Bxc6 14. Qe2 Nxe3 15. Qxe3 Bxg2 16. Kxg2 Qd5+ 17. Nf3 Rfd8 18. Rfe1 Rd7 19. Qe4 Rad8 20. Re2 Qxe4 21. Rxe4 Rd5 22. Rae1 g5 23. h4 gxh4 24. Rxh4 h6 25.
Ree4 Kf8 26. Ra4 a5 27. Rac4 b5 28. Rc7 R8d7 29. Rc8+ Ke7 30. Rg8 Bf8 31. Re4 f5 32.
Re2 Kf7 33. Rxf8+ Kxf8 34. Rxe6 R7d6 35. Re3 Kf7 36. a3 Re6 37. Rxe6 Kxe6 38. Nd4+ Kf6 39.
Kf3 b4 40. axb4 axb4 41. Kf4 bxc3 42. bxc3 Rc5 43. Ne2 Rc4+ 44. Ke3 Ke5 45. Kd3 Ra4 46. Nd4 Ra2 47. Ne2 Rb2 48. Ke3 Rc2 49. Kd3 Ra2 50. Ke3 Kf6 51. Kd3 Kg5 52. Ke3 Kg4 53. Nd4 h5 54.
Nf3 f4+ 55. gxf4 h4 56. f5 h3 57. f6 Ra6 58. f7 Re6+ 59. Ne5+ Rxe5+ 60. Kd4 Rf5 0-1

[Event "*** Titled Tuesday 3|2 Blitz"]
[Site "Chess.com"]
[Date "2017.06.06"]
[Round "2"]
[White "CM_Perligero"]
[Black "fidetrainerNET"]
[Result "1-0"]
[WhiteElo "2062"]
[BlackElo "2142"]
[TimeControl "180+2"]
[EndTime "14:14:11 PDT"]
[Termination "CM_Perligero won by checkmate"]

1. d4 Nf6 2. c4 e6 3. Nc3 Bb4 4. a3 Bxc3+ 5. bxc3 O-O 6. e3 c5 7. Bd3 Nc6 8. f3 e5 9. d5 Na5 10. Qc2 b6 11. Nh3 Re8 12. Nf2 d6 13. g4 Kh8 14. h4 Ba6 15. Qe2 Qd7 16. h5 Qa4 17. g5 Nd7 18. g6 Bxc4 19. h6 fxg6 20.
hxg7+ Kxg7 21. Ne4 Bxd5 22. Qh2 h5 23. Nxd6 Bxf3 24.
Rg1 Bg4 25. Be4 Nc4 26. Nxe8+ Rxe8 27. Qh4 Qd1+ 28. Kf2 Qe2+ 29. Kg3 Nxe3 30. Ra2 Qxa2 31. Bxe3 Nf6 32. Bxg6 Kxg6 33. Qg5+ Kf7 34. Rf1 Re6 35. Rf2 Qxa3 36. Qh6 Qxc3 37. Kh4 Qe1 38. Qh7+ Ke8 39. Qh8+ Kd7 40. Qh6 Ne4 41. Qh7+ Kc8 42. Qxe4 Qh1+ 43. Qxh1 e4 44. Qh2 Kd7 45. Qf4 Kc6 46. Qf7 a5 47. Rc2 a4 48. Qa7 Bd1 49.
Rd2 Rd6 50. Rxd1 Rxd1 51. Qxa4+ Kd5 52. Qxd1+ Kc4 53. Qc2+ Kb5 54. Qxe4 Ka5 55. Qd3 Ka4 56. Bd2 b5 57. Qc2+ Ka3 58. Bc1+ Kb4 59. Bd2+ Ka3 60. Bc3 b4 61. Bb2+ Ka2 62. Bc1+ Ka1 63. Qb2# 1-0